 Dungeon Crawl Stone Soup version 0.21.1-1-g345015f (webtiles) character file.

1239 sking99 the Grappler (level 8, -19/75 HPs)
             Began as a Troll Monk on June 14, 2018.
             Demolished by an orc warrior
             ... wielding a +0 halberd
              (24 damage)
             ... on level 6 of the Dungeon.
             The game lasted 00:20:15 (4096 turns).

sking99 the Grappler (Troll Monk)                   Turns: 4096, Time: 00:20:17

Health: -19/75     AC:  5    Str: 21 (22) XL:     8   Next: 25%
Magic:  7/7        EV:  6    Int:  5 (6)  God:
Gold:   223        SH:  0    Dex: 10 (12) Spells: 7/7 levels left

rFire    + . .     SeeInvis .     - Unarmed
rCold    + . .     Gourm    +   (no shield)
rNeg     . . .     Faith    .   a - +0 robe
rPois    .         Spirit   .   (helmet restricted)
rElec    .         Reflect  .   D - scarf {rC+ rF+}
rCorr    .         Harm     .   (gloves unavailable)
MR       .....                  (boots unavailable)
Stlth    +.........             (no amulet)
HPRegen  0.62/turn              (no ring)
MPRegen  0.10/turn              (no ring)

@: about to teleport, held
A: large, unfitting armour, claws 3, fast metabolism 3, gourmand, regeneration
1, shaggy fur 1, tough skin 2
a: no special abilities


You were on level 6 of the Dungeon.
You were not hungry.

You visited 2 branches of the dungeon, and saw 7 of its levels.
You also visited: Ossuary.

You collected 223 gold pieces.

Inventory:

Armour
 a - a +0 robe (worn)
 D - a scarf of resistance (worn)
Jewellery
 i - an uncursed ring of protection from fire {unknown}
 s - an uncursed ring of protection from cold {unknown}
 B - an uncursed ring of resist corrosion {unknown}
Wands
 C - a wand of iceblast (7)
 E - a wand of polymorph (15)
Scrolls
 c - 3 scrolls of remove curse
 e - 3 scrolls of identify
 p - 3 scrolls of enchant armour {unknown}
 q - a scroll of fog {unknown}
 t - 2 scrolls of enchant weapon {unknown}
 w - a scroll of fear {unknown}
 y - a scroll of holy word {unknown}
 z - a scroll of random uselessness {unknown}
Potions
 f - 6 potions of curing
 h - a potion of experience {unknown}
 j - 2 potions of resistance {unknown}
 k - a potion of ambrosia {unknown}
 l - 4 potions of invisibility {unknown}
 m - 5 potions of lignification {unknown}
 n - a potion of flight {unknown}
 o - a potion of berserk rage {unknown}
 u - a potion of cancellation {unknown}
 v - 2 potions of heal wounds {unknown}
 x - 2 potions of haste {unknown}
 A - a potion of mutation {unknown}
Books
 r - a book of Misfortune

   Spells                             Type                      Level
   a - Confusing Touch                Hexes                        1
   b - Confuse                        Hexes                        3
   c - Gell's Gravitas                Translocation                3
   d - Petrify                        Transmutation/Earth          4
   e - Metabolic Englaciation         Hexes/Ice                    5
   f - Yara's Violent Unravelling     Hexes/Transmutation          5
Comestibles
 b - 3 rations


   Skills:
 + Level 3.2 Fighting
 + Level 4.0 Dodging
 - Level 1.0 Stealth
 * Level 9.3 Unarmed Combat


You had 7 spell levels left.
You didn't know any spells.

Dungeon Overview and Level Annotations

Branches:
Dungeon (6/15)             Temple (1/1) D:5

Altars:
Ashenzari
Cheibriados
Elyvilon
Kikubaaqudgha
Makhleb
Nemelex Xobeh
Ru
Trog
Vehumet
Xom
Zin
The Shining One

Annotations:
D:6 Sigmund


Innate Abilities, Weirdness & Mutations

You are too large for most types of armour.
You have claws for hands.
Your metabolism is lightning-fast.
You like to eat raw meat.
Your natural rate of healing is unusually fast.
You are covered in fur. (AC +1)
You have very tough skin. (AC +2)


Message History

A bullfrog and an orc come into view.
As you read the scroll of teleportation, it crumbles to dust.
You feel strangely unstable. The gnoll hits you but does no damage.
The bullfrog hits you but does no damage.
The orc wizard hits you with an enchanted dagger.
The gnoll barely misses you. The gnoll hits you with a club.
* * * LOW HITPOINT WARNING * * *
The orc wizard gestures at you while chanting.
The magic dart hits you!
* * * LOW HITPOINT WARNING * * *
The orc hits you but does no damage.
A leopard gecko comes into view.
Okay, then.
It was a potion of degeneration.
There was something very wrong with that liquid.
You feel weakened.
You feel dopey.
You feel clumsy. The bullfrog hits you.
* * * LOW HITPOINT WARNING * * *
The orc warrior hits you from afar with a halberd!!
You die...

... .# ##..
##.###
#...##.....##
#...#.......#
###...@.....F.<
.........g..5l.
.......go......
.....So@.g.....
.....oo.F......
.....>...J.....
#....#.........
###............
..............
.o. ...........
.###.#.........


You could see Sigmund, an orc warrior, 2 bullfrogs, a jelly, 2 orc wizards, 3
gnolls, a crimson imp, an adder, 2 orcs and a leopard gecko.

Vanquished Creatures
  2 ogres
  A phantom (D:5)
  Blork the orc (D:4)
  2 scorpions
  2 howler monkeys
  A crimson imp (D:5)
  A bullfrog zombie (D:5)
  3 centaur zombies (Ossuary)
  A hound (D:5)
  An orc priest (D:5)
  3 orc wizards
  A centaur skeleton (D:5)
  A worker ant (D:4)
  Natasha (twice) (D:3)
  4 big kobold zombies (Ossuary)
  5 mummies
  A worker ant zombie (D:5)
  Robin (D:1)
  3 gnolls
  5 adders
  2 oozes
  2 worms (D:2)
  A dart slug (D:1)
  A leopard gecko (D:1)
  8 orcs
  A giant cockroach (D:2)
  15 goblins
  15 hobgoblins
  5 kobolds
  A ball python skeleton (D:4)
  4 bats
  10 frilled lizards
  A hobgoblin zombie (Ossuary)
  A leopard gecko zombie (D:5)
  A quokka skeleton (D:4)
  9 rats
118 creatures vanquished.

Notes
Turn   | Place    | Note
-------+----------+-------------------------------------------
     0 | D:1      | sking99 the Troll Monk began the quest for the Orb.
     0 | D:1      | Reached XP level 1. HP: 22/22 MP: 0/0
    90 | D:1      | Reached XP level 2. HP: 19/29 MP: 1/1
   298 | D:1      | Reached XP level 3. HP: 36/36 MP: 2/2
   406 | D:2      | Noticed Robin
   423 | D:1      | Killed Robin
   484 | D:2      | Reached skill level 4 in Unarmed Combat
   498 | D:2      | Reached XP level 4. HP: 42/44 MP: 3/3
  1090 | D:2      | Found a sparkling altar of Nemelex Xobeh.
  1255 | D:3      | Noticed Natasha
  1261 | D:3      | Killed Natasha
  1261 | D:3      | Reached XP level 5. HP: 38/52 MP: 4/4
  1353 | D:3      | Noticed Natasha
  1361 | D:3      | Killed Natasha
  1361 | D:3      | Reached skill level 5 in Unarmed Combat
  1936 | D:4      | Reached XP level 6. HP: 56/59 MP: 5/5
  1942 | D:4      | Reached skill level 6 in Unarmed Combat
  2128 | D:4      | Found a glowing golden altar of the Shining One.
  2431 | D:4      | Noticed Blork the orc
  2444 | D:4      | Killed Blork the orc
  2683 | D:5      | Entered Level 5 of the Dungeon
  2789 | D:5      | Found a staircase to the Ecumenical Temple.
  2798 | Temple   | Entered the Ecumenical Temple
  2886 | D:5      | Found a sand-covered staircase.
  2894 | D:5      | Reached skill level 7 in Unarmed Combat
  2919 | Ossuary  | Entered an ossuary
  2932 | Ossuary  | Reached XP level 7. HP: 40/66 MP: 6/6
  3194 | D:5      | Reached skill level 8 in Unarmed Combat
  3490 | Temple   | Reached skill level 9 in Unarmed Combat
  3490 | Temple   | Reached XP level 8. HP: 41/75 MP: 7/7
  4089 | D:6      | Noticed Sigmund
  4096 | D:6      | Demolished by an orc warrior

Skill      XL: |  1  2  3  4  5  6  7  8 |
---------------+-------------------------+-----
Unarmed Combat | 4 5 7 9 |  9.3
Dodging        | 3 4 |  4.0
Fighting       | 3 |  3.2
Stealth        | |  1.0

Action                   |  1- 3 |  4- 6 |  7- 9 || total
-------------------------+-------+-------+-------++-------
Melee: Unarmed           |    96 |   139 |   115 ||   350
       Punch             |     1 |     1 |     4 ||     6
Evoke: Wand              |       |       |     2 ||     2
  Use: Scroll            |       |     4 |     1 ||     5
       Potion            |       |       |     1 ||     1
 Stab: Sleeping          |     2 |     9 |       ||    11
  Eat: Chunk             |     1 |    12 |     1 ||    14
       Ration            |       |     3 |     3 ||     6
Armor: Robe              |    43 |    25 |    20 ||    88
Dodge: Dodged            |    44 |    56 |    51 ||   151
